 Dungeon Crawl Stone Soup version 0.25.1-8-g42b30a86e7 (webtiles) character file.

Game seed: 2351893944391712065

268 Clowwww the Skirmisher (level 6, -11/48 HPs)
             Began as a Demonspawn Fighter on Dec 18, 2020.
             Was an Initiate of Makhleb.
             Killed by divine providence
             ... invoked by an orc priest
              (16 damage)
             ... on level 4 of the Dungeon.
             The game lasted 00:05:54 (3199 turns).

Clowwww the Skirmisher (Demonspawn Fighter)         Turns: 3199, Time: 00:05:55

Health: -11/48     AC: 10    Str: 18    XL:     6   Next: 1%
Magic:  6/6        EV:  8    Int:  9    God:    Makhleb [......]
Gold:   115        SH:  9    Dex: 13    Spells: 5/5 levels left

rFire    . . .     SeeInvis .   a - +1 war axe
rCold    . . .     Gourm    .   c - +0 kite shield
rNeg     . . .     Faith    .   b - +1 scale mail
rPois    .         Spirit   .   (no helmet)
rElec    .         Reflect  .   (no cloak)
rCorr    .         Harm     .   (no gloves)
MR       .....                  (no boots)
Stlth    ..........             (no amulet)
HPRegen  0.16/turn              (no ring)
MPRegen  0.10/turn              (no ring)

@: mighty, very slightly contaminated
A: hooves 1, molten scales 2
a: Renounce Religion


You were on level 4 of the Dungeon.
You worshipped Makhleb.
Makhleb was noncommittal.
You were not hungry.

You visited 1 branch of the dungeon, and saw 4 of its levels.

You collected 115 gold pieces.

Inventory:

Hand Weapons
 a - a +1 war axe (weapon)
Armour
 b - a +1 scale mail (worn)
 c - a +0 kite shield (worn)
Jewellery
 h - a cursed ring of teleportation {unknown}
Wands
 m - a wand of enslavement (8)
Scrolls
 e - a scroll of teleportation
 j - 2 scrolls of remove curse
 o - a scroll of identify
Potions
 g - a potion of magic
 l - 2 potions of curing
 n - 2 potions of stabbing
Comestibles
 f - 6 rations


   Skills:
 + Level 3.7 Fighting
 + Level 3.6 Axes
 + Level 3.5 Armour
 + Level 1.4 Dodging
 + Level 0.2 Stealth
 + Level 3.6 Shields


You had 5 spell levels left.
You didn't know any spells.
Your spell library was empty.

Dungeon Overview and Level Annotations

Branches:
Dungeon (4/15)
 Temple: D:4-7

Altars:
Gozag
Kikubaaqudgha
Makhleb
Sif Muna
Uskayaw

Annotations:
D:4 Sigmund


Innate Abilities, Weirdness & Mutations

You have large cloven feet.
You are mostly covered in molten scales. (AC +3)


Message History

The orc shouts!
Found a scroll of remove curse.
Found a ration.
Found a ration.
Found 20 arrows and 11 gold pieces.
Found a stone staircase leading up.
The orc priest miscasts a cantrip.
Found a scroll of teleportation and a pearl ring.
The orc priest mumbles some strange prayers to Beogh against you.
Beogh smites you!
The orc priest invokes the aid of Beogh against you.
Beogh smites you!
* * * LOW HITPOINT WARNING * * *
Found a potion of curing.
Found a yellow potion and a scroll of identify.
The orc priest begins to cast a cantrip, but forgets the words!
There is a stone staircase leading up here.
You can't go down here!
The orc priest calls down the wrath of Beogh upon you.
Beogh smites you!
You die...

#.# ...######
.....#...###
#...=...!..##
##.........$.#
#...........#
#..(.......@## .#
#....##.....# ..#
#...o.......## ...#
###............. .#..
##....oo.......#.
.#..##....o......?..#
.#....##.......##....!
..............## ....?
..###.........# ...##


You could see 2 orc priests and 2 orcs.

Vanquished Creatures
  An ogre (D:4)
  A worker ant (D:2)
  9 adders
  An ooze (D:4)
  2 worms
  2 dart slugs (D:1)
  4 leopard geckos
  3 bats
  3 giant cockroaches
  6 hobgoblins
  7 jackals
  2 quokkas (D:3)
  A ball python (D:2)
  3 frilled lizards
  9 goblins
  11 kobolds
  3 rats
68 creatures vanquished.

Notes
Turn   | Place    | Note
-------+----------+-------------------------------------------
     0 | D:1      | Clowwww the Demonspawn Fighter began the quest for the Orb.
     0 | D:1      | Reached XP level 1. HP: 18/18 MP: 1/1
   145 | D:1      | Gained mutation: You are partially covered in molten
                  | scales. (AC +2) [demonic ancestry]
   145 | D:1      | Reached XP level 2. HP: 20/24 MP: 2/2
   664 | D:2      | Gained mutation: You have large cloven feet. [demonic
                  | ancestry]
   664 | D:2      | Reached XP level 3. HP: 29/29 MP: 3/3
   893 | D:2      | Gained mutation: You are mostly covered in molten scales.
                  | (AC +3) [demonic ancestry]
   893 | D:2      | Reached XP level 4. HP: 16/35 MP: 4/4
  1620 | D:2      | Found an opulent altar of Gozag.
  2210 | D:3      | Reached XP level 5. HP: 35/41 MP: 5/5
  2215 | D:3      | Found a hide-covered altar of Uskayaw.
  2917 | D:3      | Found an ancient bone altar of Kikubaaqudgha.
  2921 | D:3      | Found a burning altar of Makhleb.
  2924 | D:3      | Found a shimmering blue altar of Sif Muna.
  3078 | D:3      | Became a worshipper of Makhleb the Destroyer
  3156 | D:4      | Noticed an ogre
  3160 | D:4      | Killed an ogre
  3160 | D:4      | Reached skill level 1 in Dodging
  3167 | D:4      | Noticed Sigmund
  3169 | D:4      | Reached XP level 6. HP: 34/48 MP: 6/6
  3199 | D:4      | Killed from afar by an orc priest

Illustrated notes

Levels and vault maps discovered:
D:1:      lightli_iron_boxes, layout_rooms, minmay_tromino_v4_a
D:2:      layout_basic, lemuel_crystal_altar
D:3:      layout_basic, minmay_overflow_temple_star_quad, old_standard_altar
D:4:      layout_cave_pools, first_ration, uniq_sigmund, uniq_menkaure,
          uniq_crazy_yiuf_cottage

Skill      XL: |  1  2  3  4  5 |
---------------+----------------+-----
Shields        | 3 |  3.6
Axes           | 2 3 |  3.6
Armour         | 3 |  3.5
Dodging        | 1 |  1.4
Fighting       | |  3.7
Stealth        | |  0.2

Action                   |  1- 3 |  4- 6 || total
-------------------------+-------+-------++-------
Melee: War axe           |    86 |   137 ||   223
       Kick              |     8 |    29 ||    37
Throw: Throwing net      |       |     1 ||     1
  Use: Scroll            |       |    11 ||    11
       Potion            |       |     1 ||     1
  Eat: Chunk             |       |     8 ||     8
Armor: Scale mail        |    41 |    78 ||   119
Dodge: Dodged            |    22 |    42 ||    64
Block: Kite shield       |    47 |    84 ||   131
